 Dungeon Crawl Stone Soup version 0.28.0-53-g5a82cb258f (webtiles) character file.

Game seed: 14636204266060798258

88 safid the Chopper (level 4, -1/40 HPs)
             Began as a Hill Orc Fighter on Aug 17, 2022.
             Slain by Grinder (5 damage)
             ... while paralysed by Grinder
             ... on level 3 of the Dungeon.
             The game lasted 00:02:02 (2078 turns).

safid the Chopper (Hill Orc Fighter)                Turns: 2078, Time: 00:02:02

Health: -1/40      AC:  9    Str: 20    XL:     4   Next: 54%
Magic:  4/4        EV:  2    Int:  8    God:
Gold:   157        SH:  0    Dex: 10    Spells: 3/3 levels left

rFire   + . .      SeeInvis .   a - +0 war axe
rCold   . . .      Faith    .   o - +0 kite shield
rNeg    . . .      Spirit   .   b - +0 scale mail
rPois   .          Reflect  .   (no helmet)
rElec   .          Harm     .   h - +1 cloak
rCorr   .          Rampage  .   (no gloves)
Will    .....                   (no boots)
Stlth   ..........              (no amulet)
HPRegen 0.13/turn               i - ring of protection from fire
MPRegen 0.09/turn               n - ring of flight

@: paralysed, flying
A: no striking features
a: no special abilities


You were on level 3 of the Dungeon.
You visited 1 branch of the dungeon, and saw 3 of its levels.

You collected 157 gold pieces.

Inventory:

Hand Weapons
 a - a +0 war axe (weapon)
Armour
 b - a +0 scale mail (worn)
 h - a +1 cloak (worn)
 o - a +0 kite shield (worn)
Jewellery
 i - a ring of protection from fire (left hand)
 n - a ring of flight (right hand)
Scrolls
 f - a scroll of magic mapping {unknown}
 g - a scroll of vulnerability {unknown}
 j - a scroll of noise {unknown}
 l - 2 scrolls of amnesia {unknown}
Potions
 d - a potion of might
 e - a potion of curing {unknown}
 k - 2 potions of cancellation {unknown}
 m - a potion of magic {unknown}


   Skills:
 - Level 4.0 Fighting
 + Level 4.4 Axes
 - Level 4.0 Armour
 + Level 4.0 Shields


You had 3 spell levels left.
You didn't know any spells.
Your spell library was empty.

Dungeon Overview and Level Annotations

Branches:
Dungeon (3/15)

Altars:

Annotations:
D:3 Grinder


Message History

Grinder hits you.
You writhe in agony.
Grinder gestures at you.
You suddenly lose the ability to move!
Grinder hits you!
You writhe in agony.
* * * LOW HITPOINT WARNING * * *
Grinder hits you but does no damage.
Grinder blinks!
You can move again.
Unknown command.
Unknown command.
The bat hits you but does no damage. The bat hits you but does no damage.
You block the bat's attack. The bat hits you.
* * * LOW HITPOINT WARNING * * *
Unknown command.
The bat hits you but does no damage. x2
You slash the bat!
You kill the bat!
Unknown command.
Grinder gestures at you. Pain shoots through your body!
* * * LOW HITPOINT WARNING * * *
Grinder blinks!
Unknown command.
You start resting.
Grinder is nearby!
You block Grinder's attack.
You see here a bat corpse.
You hit Grinder.
Grinder is heavily wounded.
Grinder hits you.
* * * LOW HITPOINT WARNING * * *
You writhe in agony.
* * * LOW HITPOINT WARNING * * *
Grinder gestures at you.
You suddenly lose the ability to move!
Grinder gestures at you. You resist with significant effort. Grinder hits you.
You die...

#.# .#.
#.# # #
#.# #.#
#.# #.#
#.#
##.#
#.@#
#5##
#...
#.....
#....##
#.#.##
#.#.#
#<.
#.#.#
##.(#
.. ....


You could see Grinder.

Vanquished Creatures
  2 adders
  2 dart slugs
  An orc (D:3)
  6 ball pythons
  9 endoplasms
  3 giant cockroaches
  5 goblins
  7 hobgoblins
  2 quokkas
  6 bats
  3 frilled lizards
  7 kobolds
  6 rats
59 creatures vanquished.

Notes
Turn   | Place    | Note
-------+----------+-------------------------------------------
     0 | D:1      | safid the Hill Orc Fighter began the quest for the Orb.
     0 | D:1      | Reached XP level 1. HP: 19/19 MP: 1/1
   118 | D:1      | Reached XP level 2. HP: 24/27 MP: 2/2
   419 | D:1      | Reached XP level 3. HP: 33/33 MP: 3/3
  1090 | D:2      | Reached XP level 4. HP: 37/40 MP: 4/4
  2054 | D:3      | Noticed Grinder
  2058 | D:3      | Paralysed by Grinder for 4 turns
  2076 | D:3      | Paralysed by Grinder for 5 turns
  2078 | D:3      | Slain by Grinder

Illustrated notes

Levels and vault maps discovered:
D:1:      minmay_arrival_diagonal_passages, layout_basic, st_stairs_2
D:2:      layout_loops_ring
D:3:      layout_loops_ring, minmay_strange_pillars, uniq_sigmund, uniq_grinder

Skill      XL: |  1  2  3  4 |
---------------+-------------+-----
Axes           | 3 4 |  4.4
Fighting       | 4 |  4.0
Shields        | 4 |  4.0
Armour         | 4 |  4.0

Action                   |  1- 3 |  4- 6 || total
-------------------------+-------+-------++-------
Melee: War axe           |    88 |    41 ||   129
Armor: Scale mail        |    37 |    18 ||    55
Dodge: Dodged            |    41 |    16 ||    57
Block: Buckler           |    22 |     4 ||    26
       Kite shield       |       |    11 ||    11
